 Dungeon Crawl Stone Soup version 0.13.0-19-g8e0b589 (webtiles) character file.

46769 MackTheKnife the Jinx (level 14, -4/93 (95) HPs)
             Began as a Vampire Arcane Marksman on Oct 24, 2013.
             Was the Champion of Kikubaaqudgha.
             Slain by an orc warlord
             ... wielding a +1,+6 halberd of distortion
              (7 damage)
             ... on Level 4 of the Orcish Mines.
             The game lasted 02:00:34 (31239 turns).

MackTheKnife the Jinx (Vampire Arcane Marksman)    Turns: 31239, Time: 02:00:34

HP  -4/93 (95)   AC 17     Str 11      XL: 14   Next:  0%
MP  25/33        EV 23     Int 18      God: Kikubaaqudgha [******]
Gold 1629        SH  2     Dex 21      Spells:  6 memorised,  4 levels left

Res.Fire  : + . .   See Invis. : +   y - +6,+2 elf sabre (pain)
Res.Cold  : + + .   Warding    : .   t - +5 robe of Greqinn {rPois Str-1}
Life Prot.: + + +   Conserve   : .   (no shield)
Res.Poison: +       Res.Corr.  : .   T - +2 wizard hat {Int+3}
Res.Elec. : .       Clarity    : .   h - +1 cloak
Sust.Abil.: . .     Spirit.Shd : .   (no gloves)
Res.Mut.  : .       Stasis     : .   N - +1 pair of boots of Bedohem {rF+ Str+2 Dex+4}
Res.Rott. : +       Flight     : .   (no amulet)
Saprovore : . . .                    b - ring of the Thirteen Wars {rPois AC+2 Dam+4}
                                     i - ring of magical power

@: regenerating slowly, about to teleport, somewhat resistant to hostile
enchantments, very stealthy
A: bottle blood, fangs 3, hooves 1, see invisible, (berserk 0), -10% hp,
(teleportitis 0), unbreathing, AC +2, SH +2
a: Bat Form, Bottle Blood, Receive Corpses, Torment, Renounce Religion


You were on level 4 of the Orcish Mines.
You worshipped Kikubaaqudgha.
Kikubaaqudgha was exalted by your worship.
You were near bloodless.

You visited 4 branches of the dungeon, and saw 24 of its levels.
You also visited: Sewer.

You collected 2220 gold pieces.
You spent 641 gold pieces at shops.

Inventory:

Hand weapons
 u - a +4,+1 demon blade of venom
 y - a +6,+2 elven sabre of pain (weapon)
Armour
 h - a +1 cloak (worn)
 t - the +5 robe of Greqinn (worn) {rPois Str-1}
   (You bought it in a shop on level 4 of the Dungeon)

   It affects your strength (-1).
   It protects you from poison.
 N - the +1 pair of boots of Bedohem (worn) {rF+ Str+2 Dex+4}
   (You bought it in a shop on level 5 of the Dungeon)

   It affects your strength (+2).
   It affects your dexterity (+4).
   It protects you from fire.
 T - a +2 wizard hat of intelligence (worn)
Magical devices
 a - a wand of digging (11)
 e - a wand of draining (0)
 j - a wand of fire (1)
 n - a wand of disintegration (7)
 H - a wand of disintegration (13)
 U - a wand of digging (6)
Scrolls
 d - 2 scrolls of magic mapping
 f - a scroll of fear
 l - 4 scrolls of teleportation
 w - 2 scrolls of remove curse
 C - 3 scrolls of identify
 E - 2 scrolls of fog
Jewellery
 b - the ring of the Thirteen Wars (right hand) {rPois AC+2 Dam+4}
   (You found it on level 8 of the Lair of Beasts)

   [ring of protection]

   It affects your AC (+2).
   It affects your damage-dealing abilities (+4).
   It protects you from poison.
 i - a ring of magical power (left hand)
Potions
 g - 4 potions of brilliance
 m - a potion of magic
 v - 10 potions of curing
 z - 4 potions of might
Miscellaneous
 x - a lamp of fire (inert)


   Skills:
 - Level 11.4 Fighting
 + Level 9.3 Short Blades
 - Level 9.2 Long Blades
   Level 1.5 Crossbows
 - Level 0.7 Throwing
 - Level 11.4 Dodging
 - Level 7.3 Stealth
 - Level 4.0 Spellcasting
 - Level 11.5 Hexes
 - Level 5.0 Charms
 - Level 11.0 Necromancy
 - Level 2.2 Fire Magic


You had 4 spell levels left.
You knew the following spells:

 Your Spells              Type           Power        Failure   Level  Hunger
a - Enslavement           Hex            #####...     1%          4    ####...
b - Slow                  Hex            #####...     1%          2    ##.....
c - Inner Flame           Hex/Fire       ####....     2%          3    ###....
d - Animate Skeleton      Necr           N/A          1%          1    None
e - Animate Dead          Necr           N/A          1%          4    ####...
f - Regeneration          Chrm/Necr      ####......   1%          3    ###....


Dungeon Overview and Level Annotations

Branches:
Dungeon (11/27)            Temple (1/1) D:4             Orc (4/4) D:8
    Elf (0/3) Orc:4          Lair (8/8) D:11          Swamp (0/5) Lair:5
 Spider (0/5) Lair:4        Slime (0/6) Lair:8

Altars:
Ashenzari
Cheibriados
Elyvilon
Fedhas
Kikubaaqudgha
Makhleb
Nemelex Xobeh
Okawaru
Sif Muna
Trog
Xom
Yredelemnul
Zin
the Shining One
Beogh
Jiyva

Shops:
D:4 *   D:5 [   D:10 *   Orc:2 }%(   Orc:4 =*([

Annotations:
D:10 exclusion: unseen horror
Lair:3 exclusion: oklob plant
Lair:8 exclusion: oklob plant


Innate Abilities, Weirdness & Mutations

You heal slowly.
You can bottle blood from corpses.
You have razor-sharp teeth.*
You have supernaturally acute eyesight.
You can survive without breathing.*
You have large cloven feet.*
You are partially covered in large bone plates (AC +2, SH +2).*
((You tend to lose your temper in combat.))+ You are frail (-10% HP).
((Space occasionally distorts in your vicinity.))+


Message History

You blink.
The orc closely misses you.
An orc wizard comes into view. It is wielding an orcish mace.
Read which item? (? for menu, Esc to quit)
As you read the scroll of teleportation, it crumbles to dust.
You feel strangely unstable.
The orc high priest hits you with an orcish glaive!
The sun demon misses you.
The orc wizard points at you and mumbles some strange words.
The magic dart hits you!
* * * LOW HITPOINT WARNING * * *
The orc warlord is engulfed in roaring flames.
The orc completely misses you.
Drink which item? (? for menu, Esc to quit)
Okay, then.
The orc high priest completely misses you.
The orc warlord hits you from afar with a halberd of distortion!
* * * LOW HITPOINT WARNING * * *
Space bends around you.
You die...
Kikubaaqudgha rasps: "You have failed me!
Welcome... oblivion!"

.................)..#.#.....f..)f
...).[.........................ff
....[......)....)............#...
.#...<..........§§..........##.).
#..............§§.....)....#..#..
##.....f.......§§§...)...........
.................oo.).)[........#
...................)..∩[)...#..##
..........%#.#..@3....[..#......#
......g...f.....o..............##
.f...∩...........o.............#*
.............#....o.............#
.......8f...#...#.......#.......#
...f..f.....#..(.................
#............#.#.(...........f..#
##.............#(((.).......ff.##
*#....###.#......%%((..f.......f*


You could see an orc warlord, an orc high priest (frenzied), a sun demon, an orc
warrior (frenzied), an orc wizard (frenzied) and an orc (frenzied).

Vanquished Creatures
  Gastronok (D:9)
  2 hydras
  A deep troll shaman (Lair:8)
  11 death yaks
  2 orc high priests (Orc:4)
  A catoblepas (Lair:8)
  An iron troll (Orc:3)
  3 hill giants
  Pikel (D:9)
  A lindwurm (Lair:8)
  4 orc knights
  3 orc sorcerers
  6 elephants
  Maurice (D:11)
  2 black mambas
  A spiny worm (Lair:8)
  Psyche (D:11)
  7 spiny frogs
  A komodo dragon (D:11)
  A two-headed ogre (D:6)
  Prince Ribbit (D:9)
  A troll (Orc:3)
  7 blink frogs
  A basilisk (Lair:7)
  2 grizzly bears
  A wyvern (D:11)
  13 yaks
  3 sharks (D:10)
  An elephant slug (Lair:7)
  9 hippogriffs
  A wraith (D:11)
  Grum (D:9)
  12 wolves
  3 manticores
  Edmund (D:7)
  3 slaves (D:9)
  9 porcupines
  2 sky beasts
  A black bear (Lair:8)
  An ice beast (D:9)
  A phantom (D:9)
  4 centaurs
  6 ogres
  8 giant goldfish
  31 orc warriors
  A yellow wasp (D:10)
  9 crocodiles
  14 giant frogs
  5 giant slugs
  A big kobold (D:10)
  2 komodo dragon skeletons
  A manticore zombie (D:11)
  3 agate snails
  11 water moccasins
  4 wights
  A wyvern skeleton (D:10)
  6 jellyfish
  A hippogriff skeleton (D:8)
  8 electric eels
  2 jellies
  10 hounds
  A centaur zombie (D:6)
  7 crimson imps
  18 orc priests
  5 spiders (Lair:4)
  3 big fish
  A giant frog skeleton (D:9)
  A quasit (D:8)
  8 iguanas
  20 orc wizards
  A scorpion (D:10)
  11 sheep
  11 worker ants
  An orange rat (D:11)
  A porcupine skeleton (Lair:2)
  A crocodile zombie (Lair:7)
  Ijyb (D:3)
  Jessica (D:3)
  A big kobold skeleton (D:11)
  A hound skeleton (D:9)
  A worker ant zombie (D:5)
  13 adders
  2 giant mites (D:3)
  3 giant centipedes
  35 green rats
  3 worm zombies
  3 worms
  9 orc zombies
  5 grey rats
  2 giant eyeballs
  162 orcs
  22 bats
  A bat skeleton (D:8)
  2 green rat skeletons
  15 hobgoblins
  8 jackals
  9 quokkas
  7 giant cockroaches
  9 giant geckos
  A giant gecko skeleton (Lair:3)
  5 giant newts
  17 goblins
  A goblin zombie (Orc:3)
  A hobgoblin skeleton (D:5)
  2 jackal skeletons
  20 kobolds
  22 rats
  A rat zombie (D:5)
  13 ballistomycetes (D:8)
  A fungus (Lair:8)
742 creatures vanquished.

Vanquished Creatures (collateral kills)
  A hydra (Lair:7)
  7 death yaks
  An orc high priest (Orc:4)
  3 elephants (Lair:4)
  3 spiny frogs
  2 komodo dragons
  2 blink frogs
  3 yaks
  A hippogriff (Lair:8)
  A manticore (D:11)
  8 wolves
  An orc warrior (Orc:3)
  3 giant goldfish
  A phantom (D:6)
  A porcupine (Lair:6)
  3 crocodiles
  A giant slug (Lair:7)
  3 giant frogs
  An agate snail (Lair:7)
  3 water moccasins
  3 wights (D:10)
  4 jellyfish
  3 electric eels (Lair:7)
  3 spiders (Lair:4)
  A big fish (D:8)
  3 orc priests
  An iguana (Lair:3)
  2 orc wizards
  A scorpion (D:6)
  5 adders
  A sheep (Lair:8)
  7 green rats
  A giant gecko (Lair:5)
  29 orcs
  2 goblins
  A hobgoblin (Orc:4)
  3 jackals
  4 kobolds
  2 bats
  A fungus (Lair:3)
  A plant (Lair:8)
127 creatures vanquished.

Vanquished Creatures (others)
  A black mamba (Lair:8)
  A death yak skeleton (Lair:7)
  A hydra skeleton (Lair:7)
  A fire elemental (Lair:7)
  A wolf (Lair:8)
  A spiny frog zombie (Lair:7)
  2 spiny frog skeletons
  3 blink frog skeletons (Lair:7)
  An elephant skeleton (Lair:8)
  A slave (D:9)
  Sigmund (D:6)
  A giant slug zombie (Lair:8)
  A manticore skeleton (D:9)
  A jellyfish (D:8)
  2 yak zombies (Lair:8)
  A wyvern skeleton (D:11)
  A giant goldfish skeleton (Lair:7)
  A yak skeleton (Lair:8)
  A crimson imp (D:9)
  2 wolf skeletons
  A giant frog skeleton (D:9)
  2 water moccasin skeletons (Lair:7)
  A two-headed ogre skeleton (D:6)
  A basilisk skeleton (Lair:7)
  2 porcupine skeletons
  2 human skeletons
  An ogre skeleton (D:6)
  3 crocodile skeletons
  2 hound skeletons
  An electric eel skeleton (Lair:7)
  A giant centipede zombie (Lair:7)
  A sheep skeleton (Lair:8)
  2 sheep zombies (Lair:8)
  An iguana skeleton (Lair:1)
  4 adder skeletons
  2 orcs
  2 bat skeletons
  3 green rat zombies (Lair:8)
  A giant gecko skeleton (D:9)
  A giant newt zombie (Lair:7)
  2 giant spores (D:8)
  A goblin zombie (Orc:4)
  3 green rat skeletons
  A hobgoblin skeleton (Lair:1)
  2 jackal skeletons (Lair:1)
  A kobold skeleton (D:7)
  3 orc skeletons
  21 orc zombies
  4 rat skeletons
  A rat zombie (Lair:7)
  8 fungi
  3 plants (Lair:7)
109 creatures vanquished.

Grand Total: 978 creatures vanquished

Notes
Turn   | Place    | Note
--------------------------------------------------------------
     0 | D:1      | MackTheKnife, the Vampire Arcane Marksman, began the quest for the Orb.
     0 | D:1      | Reached XP level 1. HP: 15/15 MP: 2/2
   647 | D:1      | Reached XP level 2. HP: 21/21 MP: 4/4
   651 | D:1      | Learned a level 2 spell: Slow
  1080 | D:2      | Reached skill level 5 in Hexes
  1829 | D:3      | Reached XP level 3. HP: 12/26 MP: 5/5
  2111 | D:3      | Learned a level 3 spell: Inner Flame
  2139 | D:3      | Noticed Jessica
  2153 | D:3      | Killed Jessica
  2227 | D:3      | Reached skill level 6 in Hexes
  2275 | D:3      | Noticed Ijyb
  2297 | D:3      | Killed Ijyb
  2297 | D:3      | Reached XP level 4. HP: 25/32 MP: 7/7
  2544 | D:3      | Learned a level 4 spell: Enslavement
  2708 | D:3      | Found a glowing drain.
  2754 | Sewer    | Entered a sewer
  2801 | Sewer    | Noticed a big kobold
  2801 | Sewer    | Noticed a big kobold
  2815 | Sewer    | HP: 1/32 [big kobold/club (4)]
  2994 | D:3      | Reached XP level 5. HP: 32/37 MP: 9/9
  3242 | D:4      | Reached skill level 7 in Hexes
  3289 | D:4      | Noticed an ogre
  3321 | D:4      | Killed an ogre
  3610 | D:4      | Found Braohib's Assorted Antiques.
  3621 | D:4      | Bought a dull robe for 148 gold pieces
  3621 | D:4      | Bought a pair of boots for 39 gold pieces
  3621 | D:4      | Bought a scroll of remove curse for 78 gold pieces
  3628 | D:4      | Identified the cursed +5 robe of Greqinn {rPois Str-1} (You bought it in a shop on level 4 of the Dungeon)
  3807 | D:4      | Found a staircase to the Ecumenical Temple.
  3823 | Temple   | Entered the Ecumenical Temple
  3883 | Temple   | Became a worshipper of Kikubaaqudgha
  4109 | D:4      | Reached XP level 6. HP: 43/43 MP: 11/11
  4171 | D:5      | Entered Level 5 of the Dungeon
  4186 | D:4      | Reached skill level 8 in Hexes
  4479 | D:5      | Found Siloubuwk's Antique Armour Shoppe.
  4797 | D:5      | Reached skill level 5 in Dodging
  4930 | D:5      | Reached XP level 7. HP: 44/48 MP: 13/13
  4950 | D:5      | Reached skill level 9 in Hexes
  5127 | D:5      | Paralysed by a giant eyeball for 4 turns
  5644 | D:6      | Paralysed by a giant eyeball for 3 turns
  5980 | D:6      | Acquired Kikubaaqudgha's first power
  5980 | D:6      | Received a gift from Kikubaaqudgha
  5980 | D:6      | Reached skill level 5 in Stealth
  5980 | D:6      | Reached skill level 10 in Hexes
  5983 | D:6      | Identified Kikubaaqudgha's Almanac of Black Arts (Kikubaaqudgha gifted it to you on level 6 of the Dungeon)
  5986 | D:6      | Learned a level 1 spell: Corona
  6004 | D:6      | Learned a level 1 spell: Animate Skeleton
  6054 | D:6      | Reached XP level 8. HP: 39/54 MP: 15/15
  6177 | D:6      | Noticed a two-headed ogre
  6183 | D:6      | Killed a two-headed ogre
  6507 | D:6      | Reached skill level 11 in Hexes
  6772 | D:6      | Noticed Sigmund
  6833 | D:7      | Reached skill level 1 in Fire Magic
  6928 | D:6      | Killed Sigmund
  7327 | D:7      | Got a fine copper ring
  7328 | D:7      | Identified the ring "Pnousiul" {+Rage Int+3} (You found it on level 7 of the Dungeon)
  7348 | D:7      | Noticed Edmund
  7440 | D:7      | Killed Edmund
  7610 | D:7      | Found an iron altar of Okawaru.
  7616 | D:7      | Found a sparkling altar of Nemelex Xobeh.
  7625 | D:7      | Found a deep blue altar of Sif Muna.
  7683 | D:8      | Acquired Kikubaaqudgha's second power
  7939 | D:8      | Reached XP level 9. HP: 50/59 MP: 18/18
  8118 | D:5      | Bought a pair of ancient boots for 169 gold pieces
  8122 | D:5      | Identified the +1 pair of boots of Bedohem {rF+ Str+2 Dex+4} (You bought it in a shop on level 5 of the Dungeon)
  8161 | D:5      | Reached skill level 1 in Fighting
 10698 | D:8      | Reached skill level 5 in Fighting
 10770 | D:8      | Found a staircase to the Orcish Mines.
 10854 | D:9      | Noticed Prince Ribbit
 10913 | D:9      | Killed Prince Ribbit
 11074 | D:9      | Reached XP level 10. HP: 69/71 MP: 20/20
 11217 | D:9      | Received a gift from Kikubaaqudgha
 11218 | D:9      | Identified Kikubaaqudgha's Incunabulum of Unholy Rituals (Kikubaaqudgha gifted it to you on level 9 of the Dungeon)
 11237 | D:9      | Noticed Pikel
 11263 | D:9      | Killed Pikel
 11444 | D:9      | Noticed Grum
 11459 | D:9      | Killed Grum
 11705 | D:9      | Noticed Gastronok
 11746 | D:9      | Killed Gastronok
 12088 | D:9      | Reached skill level 10 in Dodging
 12339 | D:10     | Entered Level 10 of the Dungeon
 12360 | D:10     | Noticed an unseen horror
 12926 | D:10     | Found a basalt altar of Yredelemnul.
 13211 | D:10     | Found Limon's General Store.
 13230 | D:10     | Bought a potion of heal wounds for 48 gold pieces
 13230 | D:10     | Bought 2 potions of heal wounds for 96 gold pieces
 13230 | D:10     | Bought a potion of curing for 32 gold pieces
 13273 | D:10     | Reached XP level 11. HP: 50/81 MP: 14/21
 13279 | D:10     | Acquired Kikubaaqudgha's third power
 13566 | D:10     | Noticed a hill giant
 13607 | D:10     | Killed a hill giant
 13853 | D:11     | Noticed Psyche
 13855 | D:11     | Killed Psyche
 13907 | D:11     | Found a staircase to the Lair.
 14159 | D:11     | Noticed Maurice
 14182 | D:11     | Killed Maurice
 14397 | D:11     | Noticed a hill giant
 14415 | D:11     | Killed a hill giant
 14602 | D:11     | Noticed a hill giant
 14612 | D:11     | Killed a hill giant
 14635 | Lair:1   | Entered Level 1 of the Lair of Beasts
 14996 | Lair:1   | Reached skill level 10 in Fighting
 15357 | Lair:1   | Reached skill level 1 in Long Blades
 15436 | Lair:2   | Learned a level 4 spell: Animate Dead
 15703 | Lair:2   | Acquired Kikubaaqudgha's fourth power
 16190 | Lair:2   | Reached skill level 5 in Long Blades
 16412 | D:5      | Bought a pair of gloves for 31 gold pieces
 17348 | Lair:3   | Learned a level 3 spell: Regeneration
 17410 | Lair:3   | Reached XP level 12. HP: 91/91 MP: 22/22
 17457 | Lair:3   | Noticed a death yak
 17457 | Lair:3   | Noticed a death yak
 17457 | Lair:3   | Noticed a death yak
 17458 | Lair:3   | Noticed a death yak
 17459 | Lair:3   | Noticed a death yak
 17461 | Lair:3   | Noticed a death yak
 17465 | Lair:3   | Killed a death yak
 17478 | Lair:3   | Killed a death yak
 17484 | Lair:3   | Killed a death yak
 17485 | Lair:3   | Killed a death yak
 17487 | Lair:3   | Killed a death yak
 17492 | Lair:3   | Killed a death yak
 17715 | Lair:3   | Reached skill level 5 in Charms
 18285 | Lair:4   | Found a hole to the Spider Nest.
 18859 | Lair:4   | Reached skill level 5 in Necromancy
 20060 | Lair:5   | Found a staircase to the Swamp.
 20364 | Lair:6   | Noticed a five-headed hydra
 20418 | Lair:6   | Killed a five-headed hydra
 20778 | Lair:6   | Gained mutation: You are frail (-10% HP). [potion of mutation]
 20778 | Lair:6   | Gained mutation: Space occasionally distorts in your vicinity. [potion of mutation]
 20778 | Lair:6   | Gained mutation: You have large cloven feet. [potion of mutation]
 20779 | Lair:6   | Gained mutation: You tend to lose your temper in combat. [potion of mutation]
 20966 | Lair:6   | Paralysed by a potion of paralysis for 5 turns
 20975 | Lair:6   | Gained mutation: You are partially covered in large bone plates (AC +2, SH +2). [potion of beneficial mutation]
 21921 | Lair:7   | Noticed a four-headed hydra
 22291 | Lair:7   | Reached XP level 13. HP: 85/85 MP: 23/23
 22604 | Lair:7   | Killed a four-headed hydra
 23074 | Lair:7   | Reached skill level 10 in Necromancy
 23530 | Lair:8   | Entered Level 8 of the Lair of Beasts
 23708 | Lair:8   | Found a viscous altar of Jiyva.
 23709 | Lair:8   | Found a staircase to the Slime Pits.
 24329 | Lair:8   | Got a flickering amber ring
 24336 | Lair:8   | Identified the ring of the Thirteen Wars {rPois AC+2 Dam+4} (You found it on level 8 of the Lair of Beasts)
 25107 | Temple   | Identified a +6,+2 elven sabre of pain (a +5,+1 elven sabre bloodied by Kikubaaqudgha)
 25573 | Orc:1    | Entered Level 1 of the Orcish Mines
 25693 | Orc:2    | Found Ufror's Gadget Shoppe.
 25693 | Orc:2    | Found Zuham's Food Emporium.
 25731 | Orc:2    | Reached skill level 1 in Short Blades
 25984 | Orc:2    | Found Godur's Antique Weapon Shoppe.
 26467 | Orc:1    | Found a roughly hewn altar of Beogh.
 27263 | Orc:3    | Found a roughly hewn altar of Beogh.
 27681 | Orc:4    | Entered Level 4 of the Orcish Mines
 27681 | Orc:4    | Found Epeosm's Assorted Antiques.
 27705 | Orc:4    | Reached skill level 5 in Short Blades
 27720 | Orc:4    | Found a staircase to the Elven Halls.
 27993 | Orc:4    | Found Mnoifomn's Jewellery Boutique.
 30100 | Orc:4    | Found Twabant's Antique Weapon Emporium.
 30108 | Orc:4    | Noticed an orc warlord
 30791 | Orc:4    | Found Kama's Antique Armour Emporium.
 30865 | Orc:4    | Reached XP level 14. HP: 47/93 MP: 5/24
 31239 | Orc:4    | HP: 3/93 [orc warlord/halberd of distortion (20)]
 31239 | Orc:4    | Slain by an orc warlord

Action                   |  1- 3 |  4- 6 |  7- 9 | 10-12 | 13-15 || total
-------------------------+-------+-------+-------+-------+-------++-------
Melee: Dagger            |   120 |   203 |   356 |       |       ||   679
       Flail             |       |       |   140 |    30 |       ||   170
       Whip              |       |       |       |   248 |       ||   248
       Demon blade       |       |       |       |   496 |   201 ||   697
       Sabre             |       |       |       |       |   305 ||   305
 Fire: Crossbow          |    12 |    27 |    78 |    18 |       ||   135
Throw: Dagger            |       |       |     1 |       |       ||     1
 Cast: Slow              |     2 |    13 |    21 |    32 |     8 ||    76
       Enslavement       |       |     4 |    34 |    83 |    41 ||   162
       Inner Flame       |       |       |    18 |    42 |    20 ||    80
       Animate Skeleton  |       |       |     8 |    52 |     9 ||    69
       Animate Dead      |       |       |       |     1 |    21 ||    22
       Regeneration      |       |       |       |     1 |     8 ||     9
Invok: Receive Corpses   |       |       |       |     6 |     4 ||    10
Evoke: Wand              |       |     2 |     3 |    11 |     9 ||    25
       Miscellaneous     |       |       |       |     1 |     1 ||     2
  Use: Scroll            |     2 |    12 |    10 |    16 |    14 ||    54
       Potion            |       |     1 |       |    14 |     7 ||    22
 Stab: Sleeping          |       |       |    12 |    25 |    12 ||    49
       Distracted        |       |       |     3 |     5 |     9 ||    17
